 Dungeon Crawl Stone Soup version 0.28-a0-1339-ga5422284a4 (webtiles) character file.

Game seed: 5570671603241424415

1008 Sabo the Magician (level 8, -2/37 HPs)
             Began as a Spriggan Conjurer on Dec 28, 2021.
             Was a Priest of Elyvilon.
             Slain by a wight (3 damage)
             ... on level 5 of the Dungeon on Dec 29, 2021.
             The game lasted 00:49:00 (9035 turns).

Sabo the Magician (Spriggan Conjurer)               Turns: 9035, Time: 00:49:00

Health: -2/37      AC:  4    Str:  5    XL:     8   Next: 1%
Magic:  1/19       EV: 22    Int: 20    God:    Elyvilon [***...]
Gold:   142        SH:  0    Dex: 13    Spells: 20/21 levels left

rFire   . . .      SeeInvis +   m - +0 dagger (freeze)
rCold   . . .      Faith    .   (no shield)
rNeg    . . .      Spirit   .   a - +2 robe
rPois   .          Reflect  .   (helmet restricted)
rElec   .          Harm     .   k - scarf {repulsion}
rCorr   .          Rampage  .   (gloves unavailable)
Will    ++...                   (boots unavailable)
Stlth   +++.......              (no amulet)
HPRegen 0.12/turn               h - +4 ring of evasion
MPRegen 0.16/turn               G - ring of willpower

@: repel missiles, very quick
A: very small, no large weapons, unfitting armour, see invisible, speed 3
a: Renounce Religion, Purification, Heal Other, Heal Self


You were on level 5 of the Dungeon.
You worshipped Elyvilon.
Elyvilon was most pleased with you.
You visited 1 branch of the dungeon, and saw 5 of its levels.
You also visited: Sewer.

You collected 142 gold pieces.

Inventory:

Hand Weapons
 c - a +0 war axe
 m - a +0 dagger of freezing (weapon)
 o - a +0 mace
 w - a +0 hunting sling
 B - a +0 hand axe
 C - a +0 shortbow
Missiles
 e - 110 stones
 p - 59 bolts
 r - a boomerang
 z - 35 sling bullets
 D - 27 arrows
Armour
 a - a +2 robe (worn)
 k - a scarf of repulsion (worn)
Jewellery
 h - a +4 ring of evasion (left hand)
 G - a ring of willpower (right hand)
Wands
 y - a wand of flame (9) (quivered)
Scrolls
 f - 2 scrolls of fog
 g - a scroll of enchant weapon
 i - a scroll of blinking {unknown}
 l - a scroll of teleportation
 n - 2 scrolls of fear
 E - a scroll of enchant armour
Potions
 b - 3 potions of curing {unknown}
 d - 2 potions of flight {unknown}
 j - 3 potions of might {unknown}
 q - a potion of heal wounds {unknown}
 t - a potion of haste {unknown}
 u - a potion of resistance
 v - a potion of invisibility {unknown}
 x - a potion of mutation {unknown}
 A - a potion of berserk rage {unknown}


   Skills:
 + Level 0.8 Fighting
 + Level 1.8 Short Blades
 + Level 4.1 Dodging
 + Level 4.5 Stealth
 + Level 0.2 Unarmed Combat
 + Level 7.1 Spellcasting
 + Level 5.5 Conjurations


You had 20 spell levels left.
You knew the following spells:

 Your Spells              Type           Power      Damage    Failure   Level
a - Magic Dart            Conj           100%       1d8       1%          1

Your spell library contained the following spells:

 Spells                   Type           Power      Damage    Failure   Level
 Searing Ray              Conj           58%        2d6       1%          2
 Dazzling Flash           Conj/Hex       36%        N/A       9%          3
 Pain                     Necr           28%        1d5       10%         1
 Fulminant Prism          Conj/Hex       9%         3d7       30%         4
 Iskenderun's Mystic Bla  Conj/Tloc      18%        2d6       30%         4
 Agony                    Necr           7%         N/A       95%         5
 Excruciating Wounds      Necr           3%         N/A       95%         5


Dungeon Overview and Level Annotations

Branches:
Dungeon (5/15)              Sewer (visited)
 Temple: D:4-7

Altars:
Ashenzari
Dithmenos
Elyvilon
Ru

Shops:
D:4 (

Annotations:
D:4 Blork the orc


Innate Abilities, Weirdness & Mutations

You are very small and have problems with some larger weapons.
You are too small for most types of armour.
You have supernaturally acute eyesight. (SInv)
You cover ground extremely quickly. (Speed+++)


Message History

Aiming: Magic Dart (safe; 1% risk of failure)
Press: ? - help, Shift-Dir - straight line, f/p - wight
Aim: a wight, wielding a +2 hand axe of freezing and wearing a +0 robe (moderately damaged, 100% to hit)
The magic dart hits the wight.
The wight is heavily damaged.
The wight completely misses you.
Unknown command.
Casting: Magic Dart (safe; 1% risk of failure)
Confirm with . or Enter, or press ? or * to list all spells.
Aiming: Magic Dart (safe; 1% risk of failure)
Press: ? - help, Shift-Dir - straight line, f/p - wight
Aim: a wight, wielding a +2 hand axe of freezing and wearing a +0 robe (heavily damaged, 100% to hit)
The magic dart hits the wight but does no damage.
The wight is heavily damaged.
The wight completely misses you.
Casting: Magic Dart (safe; 1% risk of failure)
Confirm with . or Enter, or press ? or * to list all spells.
You don't have enough magic to cast this spell.
Hit: m) +0 dagger (freeze)
Press: ? - help, Dir - move target, f/p - wight
Aim: a wight, wielding a +2 hand axe of freezing and wearing a +0 robe (heavily damaged, about 38% to evade your +0 dagger of freezing)
You hit the wight but do no damage.
The wight is heavily damaged.
The wight barely misses you.
Hit: m) +0 dagger (freeze)
Press: ? - help, Dir - move target, f/p - wight
Aim: a wight, wielding a +2 hand axe of freezing and wearing a +0 robe (heavily damaged, about 38% to evade your +0 dagger of freezing)
You hit the wight but do no damage.
The wight is heavily damaged.
The wight hits you with a +2 hand axe of freezing!
* * * LOW HITPOINT WARNING * * *
The wight freezes you. Elyvilon protects you from harm!
Hit: m) +0 dagger (freeze)
Press: ? - help, Dir - move target, f/p - wight
Aim: a wight, wielding a +2 hand axe of freezing and wearing a +0 robe (moderately damaged, about 38% to evade your +0 dagger of freezing)
You hit the wight but do no damage.
The wight is moderately damaged.
The wight hits you with a +2 hand axe of freezing.
You die...

#.....# .# #.....# ..##
#.....# ..# # ##.....#
..#.# #...#.# ###.#.#####
#.#.#.# #..........
#z#)#.# #.#)#.# #.#z#.#
#.#z#.#####
#z#@#.####.z........
#.#####.#.#...............
#..........z####..[..#..##
#######.....z......#.# .#
###.<...######.# # #####.#
.# #.# .. #.. . ####


You could see a wight.

Vanquished Creatures
  Grinder (D:3)
  Sigmund (D:4)
  A centaur (D:4)
  4 wights (D:5)
  A hound (D:4)
  2 jellies (Sewer)
  An orc priest (D:2)
  Jessica (D:3)
  An iguana (D:4)
  An orc wizard (D:4)
  6 adders
  2 river rats (Sewer)
  An ufetubus (D:4)
  An adder skeleton (D:4)
  5 worms
  3 dart slugs
  6 orcs
  15 endoplasms
  13 giant cockroaches
  3 goblins (D:1)
  10 hobgoblins
  7 jackals
  9 kobolds
  A quokka (D:2)
  17 ball pythons
  5 bats
  9 frilled lizards
  9 rats
136 creatures vanquished.

Notes
Turn   | Place    | Note
-------+----------+-------------------------------------------
     0 | D:1      | Sabo the Spriggan Conjurer began the quest for the Orb.
     0 | D:1      | Reached XP level 1. HP: 9/9 MP: 5/5
   511 | D:1      | Reached XP level 2. HP: 13/13 MP: 1/6
   988 | D:1      | Found a faded altar of an unknown god.
  1045 | D:1      | Prayed at the altar of an unknown god.
  1045 | D:1      | Became a worshipper of Elyvilon the Healer
  1045 | D:1      | Reached * piety under Elyvilon
  1379 | D:1      | Reached XP level 3. HP: 16/16 MP: 4/8
  2305 | D:2      | Reached skill level 3 in Spellcasting
  2761 | D:2      | Reached XP level 4. HP: 21/21 MP: 3/9
  3050 | D:2      | Reached skill level 1 in Short Blades
  3697 | D:2      | Reached ** piety under Elyvilon
  4106 | D:3      | Found a broken altar of Ashenzari.
  4135 | D:3      | Found a glowing drain.
  4284 | Sewer    | Entered a sewer
  4440 | Sewer    | Reached XP level 5. HP: 24/25 MP: 1/11
  4787 | Sewer    | HP: 1/25 [river rat (3)]
  5435 | Sewer    | Reached skill level 4 in Spellcasting
  5500 | Sewer    | Found a viscous altar of Jiyva.
  6365 | D:3      | Noticed Grinder
  6390 | D:3      | Killed Grinder
  6391 | D:3      | Reached skill level 5 in Spellcasting
  6391 | D:3      | Reached XP level 6. HP: 29/29 MP: 1/14
  6727 | D:3      | Found a shadowy altar of Dithmenos.
  6747 | D:3      | Noticed Jessica
  6751 | D:3      | Killed Jessica
  6876 | D:3      | Reached *** piety under Elyvilon
  7158 | D:4      | Reached XP level 7. HP: 32/32 MP: 10/16
  7625 | D:4      | Reached skill level 6 in Spellcasting
  7976 | D:4      | Noticed Sigmund
  7999 | D:4      | Killed Sigmund
  8000 | D:4      | Reached skill level 5 in Conjurations
  8250 | D:4      | Noticed Blork the orc
  8388 | D:4      | Found Ishaem's Weapon Shop.
  8610 | D:4      | Found a sacrificial altar of Ru.
  8842 | D:5      | Entered Level 5 of the Dungeon
  9024 | D:5      | Reached skill level 7 in Spellcasting
  9027 | D:5      | Reached XP level 8. HP: 9/37 MP: 5/19
  9034 | D:5      | HP: 1/37 [wight (9)]
  9034 | D:5      | Elyvilon protects you from harm!
  9035 | D:5      | Slain by a wight

Illustrated notes

Levels and vault maps discovered:
D:1:      dpeg_arrival_more_subterranean_lakeside_camping, layout_basic,
          basic_ecumenical_altar
D:2:      layout_basic, kennysheep_potato
D:3:      layout_loops_cross, overflow_temple_1_default,
          nicolae_overflow_crystal_walls, gup_sewer_entry_glass,
          hangedman_decor_peaks_small, minmay_close_crescents, uniq_grinder,
          uniq_jessica
D:4:      layout_loops_ring, lemuel_crystal_altar, serial_shops, shop,
          uniq_blork_the_orc, uniq_sigmund
D:5:      layout_loops_ring, lemuel_mausoleum_altar_yredelemnul,
          amethyst_overflow_temple_binary, minmay_misc_feat_cross,
          roderic_batcave

Skill      XL: |  1  2  3  4  5  6  7 |
---------------+----------------------+-----
Conjurations   | 3 4 5 |  5.5
Dodging        | 3 4 |  4.1
Spellcasting   | 3 5 7 |  7.1
Short Blades   | 1 |  1.8
Stealth        | 4 |  4.5
Fighting       | |  0.8
Unarmed Combat | |  0.2

Action                   |  1- 3 |  4- 6 |  7- 9 || total
-------------------------+-------+-------+-------++-------
Melee: Whip              |    13 |       |       ||    13
       Unarmed           |     3 |       |       ||     3
       Dagger            |    55 |    52 |     3 ||   110
 Cast: Magic Dart        |    94 |   194 |    99 ||   387
  Use: Scroll            |     2 |     3 |     2 ||     7
Armor: Robe              |     6 |     9 |     1 ||    16
Dodge: Dodged            |    75 |    61 |    30 ||   166
       Repelled          |       |       |     1 ||     1

Table legend: (Time is in decaauts)
 A = Elapsed time spent in this place.
 B = Non-inter-level travel time spent in this place.
 C = Inter-level travel time spent in this place.
 D = Time resting spent in this place.
 E = Time spent auto-exploring this place.
 F = Levels seen in this place.
 G = Mean time per level.
                   A        B        C        D        E       F      G
               +--------+--------+--------+--------+--------+-----+--------+
         Total |   7682 |   7682 |      0 |   4857 |      0 |   6 | 1280.3 |
       Dungeon |   6186 |   6186 |      0 |   3701 |      0 |   5 | 1237.2 |
         Sewer |   1496 |   1496 |      0 |   1156 |      0 |   1 | 1496.0 |
               +--------+--------+--------+--------+--------+-----+--------+

Top non-repeatable levels by time:
     D:2: 1959 daAuts
   Sewer: 1496 daAuts
     D:4: 1474 daAuts
     D:1: 1425 daAuts
     D:3: 1159 daAuts
     D:5: 168 daAuts
